 Dungeon Crawl Stone Soup version 0.31.0-12-g77e489cdc1 (webtiles) character file.

Game seed: 7406828474453426832

8999 Doomgape the Basher (level 11, 0/65 HPs)
             Began as a Gargoyle Fighter on Feb 26, 2024.
             Was a Believer of Hepliaklqana.
             Slain by a rakshasa
             ... wielding a +0 long sword
              (8 damage)
             ... on level 10 of the Dungeon.
             The game lasted 00:26:08 (9499 turns).

Doomgape the Basher (Gargoyle Fighter)              Turns: 9499, Time: 00:26:08

Health: 0/65       AC: 27    Str: 29    XL:     11   Next: 39%
Magic:  0/11       EV:  7    Int: 11    God:    Hepliaklqana [**....]
Gold:   522        SH:  4    Dex:  9    Spells: 10/10 levels left

rFire   x . .        m - +2 whip (elec)
rCold   + . .        c - +0 buckler
rNeg    + + .        a - +2 plate armour {rC+}
rPois   ∞            (no helmet)
rElec   +            k - +2 cloak
rCorr   +            (no gloves)
SInv    .            (no boots)
Will    .....        n - amulet of guardian spirit Stlth
                     u - ring "Obamiga" {rF- rN+ rCorr Str+4 Int+3}
HPRegen 0.30/turn    (no ring)
MPRegen 0.12/turn

%: guardian spirit
@: no status effects
A: reduced essence, sickness immunity, AC +8, negative energy resistance 1,
electricity resistance, torment resistance 1, petrification resistance
a: Renounce Religion, Ancestor Life: Knight, Ancestor Life: Battlemage, Ancestor
Life: Hexer, Recall Ancestor, Ancestor Identity


You were on level 10 of the Dungeon.
You worshipped Hepliaklqana.
Hepliaklqana was pleased with you.
You visited 2 branches of the dungeon, and saw 11 of its levels.

You collected 522 gold pieces.

Inventory:

Hand Weapons
 m - a +2 whip of electrocution (weapon)
Missiles
 o - 4 javelins (quivered)
Armour
 a - a +2 plate armour of cold resistance (worn)
 c - a +0 buckler (worn)
 k - a +2 cloak (worn)
Jewellery
 f - a +6 ring of dexterity
 n - an amulet of guardian spirit (around neck)
 q - an amulet of the acrobat
 u - the ring "Obamiga" (left hand) {rF- rN+ rCorr Str+4 Int+3}
   (You found it on level 4 of the Dungeon)

   [ring of resist corrosion]

   Str+4:     It affects your strength (+4).
   Int+3:     It affects your intelligence (+3).
   rF-:       It makes you vulnerable to fire.
   rN+:       It protects you from negative energy.
   rCorr:     It protects you from acid and corrosion.
Wands
 d - a wand of polymorph (3)
Scrolls
 e - 4 scrolls of poison
 g - 2 scrolls of fog
 h - 2 scrolls of teleportation
 i - 8 scrolls of identify
 p - a scroll of torment
 t - 3 scrolls of immolation
Potions
 b - 3 potions of enlightenment
 l - a potion of invisibility
 r - a potion of lignification
 s - 4 potions of haste {unknown}
 v - a potion of magic {unknown}
 w - 2 potions of might


   Skills:
 - Level 10.5 Fighting
 + Level 12.8 Maces & Flails
 - Level 9.3 Armour
 - Level 3.2 Shields


You had 10 spell levels left.
You didn't know any spells.
Your spell library contained the following spells:

 Spells                   Type           Power      Damage    Failure   Level
 Dazzling Flash           Conj/Hex       0%         N/A       100%        3
 Mephitic Cloud           Conj/Alch/Air  0%         N/A       100%        3
 Summon Ice Beast         Ice/Summ       0%         N/A       100%        3
 Curse of Agony           Necr           0%         N/A       100%        5
 Silence                  Hex/Air        0%         N/A       100%        5
 Summon Mana Viper        Hex/Summ       0%         N/A       100%        5
 Monstrous Menagerie      Summ           0%         N/A       100%        7


Dungeon Overview and Level Annotations

Branches:
Dungeon (10/15)            Temple (1/1) D:6             Orc (0/2) D:9
   Lair: D:8-11

Altars:
Ashenzari
Cheibriados
Dithmenos
Elyvilon
Fedhas
Gozag
Hepliaklqana
Kikubaaqudgha
Makhleb
Nemelex Xobeh
Okawaru
Qazlal
Ru
Sif Muna
Trog
Uskayaw
Vehumet
Wu Jian
Xom
Yredelemnul
Zin
The Shining One

Annotations:
D:3 1 runed translucent door, Computerfleisch's ghost, amateur MiFi
D:6 2 transporters, drgodel's ghost, novice TrFi
D:8 2 runed translucent doors


Innate Abilities, Weirdness & Mutations

Your life essence is reduced to manifest your ancestor. (-10% HP)
You are immune to sickness and miasma.
Your stone body is resilient. (AC +8)
You are immune to poison.
You resist negative energy. (rN+)
You are resistant to electric shocks. (rElec)
You are resistant to unholy torment.
You are immune to petrification.


Message History

Unknown command.
You miss the rakshasa.
The rakshasa is moderately wounded.
The rakshasa hits you but does no damage.
The boulder beetle curls into a ball and begins rolling!
You hit the rakshasa but do no damage. Lightning courses through the rakshasa!
The rakshasa is severely wounded.
The rakshasa hits you with a +0 long sword!
* * * LOW HITPOINT WARNING * * *
Unknown command.
You closely miss the rakshasa.
The rakshasa is severely wounded.
Unknown command.
Unknown command.
You hit the rakshasa but do no damage.
The rakshasa is severely wounded.
The rakshasa hits you with a +0 long sword.
* * * LOW HITPOINT WARNING * * *
Unknown command.
Unknown command.
You whack the rakshasa!
Lightning courses through the rakshasa!!
You kill the rakshasa!
The rakshasa shimmers and vanishes!
The boulder beetle leaps!
Unknown command.
The rakshasa hits you but does no damage.
The boulder beetle stops rolling and uncurls.
You hit the boulder beetle but do no damage.
The boulder beetle is moderately wounded.
The rakshasa hits you with a +0 long sword.
* * * LOW HITPOINT WARNING * * *
Unknown command.
You whack the boulder beetle!
The boulder beetle is almost dead.
The boulder beetle leaps!
Unknown command.
You hit the rakshasa.
The rakshasa is almost dead.
The rakshasa hits you with a +0 long sword!
You die...

# ##. # .. .#.....
##.. ...... #.. #
#....# #.. ..
#....# #.##
...##....# #..#
......○.# #..#
#..).##########
..##
#B..BBR@○....>#
#..##
#.).#########.#
##..## #.)†#
###..## #)..#
####..####.###
#..........##
#...........#
#.......###.......
#.......# .###...


You could see 3 boulder beetles and a rakshasa.

Vanquished Creatures
  A cyclops (D:7)
  An unseen horror (D:10)
  A troll (D:9)
  20 yaks
  2 steam dragons
  Menkaure (D:7)
  3 water moccasins
  Duvessa (D:7)
  2 ice beasts
  2 acid dragons (D:10)
  3 orc warriors
  An ogre (D:5)
  A centaur (D:8)
  2 phantoms (D:5)
  4 kobold brigands
  Blork the orc (D:6)
  2 bullfrogs (D:7)
  3 scorpions
  9 wights
  Dowan (D:7)
  13 killer bees
  2 electric eels (D:10)
  5 orc priests
  4 bombardier beetles
  A gnoll bouda (D:7)
  3 hounds
  Crazy Yiuf (D:2)
  5 iguanas
  12 orc wizards
  3 sleepcaps
  Terence (D:2)
  7 gnolls
  6 adders
  2 white imps
  2 ufetubi (D:6)
  2 dart slugs
  5 ribbon worms
  18 orcs
  5 ball pythons
  4 endoplasms
  A giant cockroach (D:1)
  9 goblins
  5 hobgoblins
  3 jackals (D:2)
  22 kobolds
  5 quokkas
  6 bats
  2 frilled lizards (D:3)
  4 rats
219 creatures vanquished.

Vanquished Creatures (collateral kills)
  A yak (D:10)
  An orc warrior (D:10)
  A centaur (D:10)
  A bullfrog (D:9)
  A wight (D:8)
  A killer bee (D:10)
  An orc (D:8)
  2 kobolds (D:9)
9 creatures vanquished.

Vanquished Creatures (others)
  3 ancestors
3 creatures vanquished.

Grand Total: 231 creatures vanquished

Notes
Turn   | Place    | Note
-------+----------+-------------------------------------------
     0 | D:1      | Doomgape the Gargoyle Fighter began the quest for the Orb.
     0 | D:1      | Reached XP level 1. HP: 14/14 MP: 1/1
   301 | D:1      | Reached XP level 2. HP: 19/19 MP: 2/2
  1131 | D:2      | Reached XP level 3. HP: 21/24 MP: 3/3
  1250 | D:2      | Found a runed translucent door.
  1251 | D:2      | Noticed Crazy Yiuf
  1377 | D:2      | Killed Crazy Yiuf
  1378 | D:2      | Reached XP level 4. HP: 29/29 MP: 4/4
  1425 | D:2      | Noticed Terence
  1433 | D:2      | Killed Terence
  1434 | D:2      | Reached skill level 3 in Maces & Flails
  1604 | D:2      | Found a faded altar of an unknown god.
  1993 | D:3      | Found a snail-covered altar of Cheibriados.
  2071 | D:3      | Reached XP level 5. HP: 34/34 MP: 5/5
  2396 | D:3      | Found a runed translucent door.
  2397 | D:3      | Noticed a kobold brigand
  2397 | D:3      | Noticed Computerfleisch's ghost (amateur MiFi)
  2844 | D:4      | Reached skill level 5 in Fighting
  2844 | D:4      | Reached XP level 6. HP: 37/40 MP: 6/6
  2856 | D:4      | Reached skill level 4 in Maces & Flails
  2856 | D:4      | Reached skill level 5 in Armour
  2906 | D:4      | Identified the ring "Obamiga" {rF- rN+ rCorr Str+4 Int+3}
  3664 | D:5      | Entered Level 5 of the Dungeon
  3704 | D:5      | Reached XP level 7. HP: 33/44 MP: 7/7
  3959 | D:5      | Identified the +7 rapier of Ocynytzabij {heavy, rPois SInv}
  4136 | D:5      | Reached skill level 5 in Maces & Flails
  4519 | D:6      | Noticed drgodel's ghost (novice TrFi)
  4523 | D:6      | Found a transporter.
  4530 | D:6      | Found a burning altar of Makhleb.
  4542 | D:6      | Reached XP level 8. HP: 52/52 MP: 8/8
  4742 | D:6      | Noticed Blork the orc
  4752 | D:6      | Killed Blork the orc
  5041 | D:6      | Found a transporter.
  5064 | D:6      | Found a glowing silver altar of Zin.
  5066 | D:6      | Found a blossoming altar of Fedhas.
  5114 | D:6      | Found a staircase to the Ecumenical Temple.
  5133 | Temple   | Entered the Ecumenical Temple
  5202 | Temple   | Became a worshipper of Hepliaklqana the Forgotten
  5296 | D:6      | Reached skill level 6 in Maces & Flails
  5308 | D:6      | Identified the +5 short sword of Butchery {venom, rElec
                  | rC++ Str+8 Dex-5}
  5435 | D:7      | Found a sparkling altar of Nemelex Xobeh.
  5527 | D:7      | Noticed Menkaure
  5536 | D:7      | Killed Menkaure
  5537 | D:7      | Reached XP level 9. HP: 34/59 MP: 1/9
  5754 | D:7      | Noticed a cyclops
  5769 | D:7      | Killed a cyclops
  5770 | D:7      | Reached skill level 7 in Maces & Flails
  5792 | D:7      | Noticed Duvessa
  5800 | D:7      | Noticed Dowan
  5801 | D:7      | Killed Duvessa
  5822 | D:7      | Killed Dowan
  6565 | D:7      | Reached skill level 8 in Maces & Flails
  6829 | D:8      | Reached XP level 10. HP: 55/66 MP: 8/10
  6987 | D:8      | Reached skill level 10 in Fighting
  7025 | D:8      | Found a runed translucent door.
  7026 | D:8      | Noticed a manticore
  7183 | D:8      | Reached * piety under Hepliaklqana
  7277 | D:8      | Found a runed translucent door.
  7810 | D:8      | You fall into a shaft and drop 1 floor!
  7811 | D:9      | Found a staircase to the Orcish Mines.
  7830 | D:9      | Reached skill level 9 in Maces & Flails
  8375 | D:8      | Noticed a two-headed ogre
  8407 | D:8      | Reached skill level 10 in Maces & Flails
  8621 | D:8      | Reached skill level 11 in Maces & Flails
  8639 | D:8      | Reached XP level 11. HP: 34/65 MP: 6/11
  9062 | D:10     | Entered Level 10 of the Dungeon
  9170 | D:10     | Reached ** piety under Hepliaklqana
  9178 | D:10     | Identified the +4 ring mail of Wyacwukomi {rPois rCorr
                  | Int+7 Stlth-}
  9214 | D:10     | Reached skill level 12 in Maces & Flails
  9380 | D:10     | Noticed a boulder beetle
  9400 | D:10     | Noticed a rakshasa
  9499 | D:10     | Slain by a rakshasa

Illustrated notes

Levels and vault maps discovered:
D:1:      lemuel_arrival_rhombus, layout_basic
D:2:      layout_loops_ring, ebering_ecumenical_altar_abandoned,
          uniq_crazy_yiuf_cottage, uniq_terence
D:3:      layout_basic, kennysheep_slug_shrine, ebering_ghost_inner_flame,
          moated_statue, roderic_lattice_a, nicolae_elevator_lobby_asterisk
D:4:      layout_basic
D:5:      layout_loops_ring
D:6:      layout_basic, gammafunk_temple_overflow_forgotten,
          minmay_temple_entry_enclosed_plants, gammafunk_ghost_arena,
          uniq_blork_the_orc
D:7:      layout_loops_ring, lemuel_tele_altar, uniq_menkaure, uniq_duvessa
D:8:      cheibrodos_histonic, layout_basic
D:9:      layout_cross, orc_0_dummy
D:10:     layout_basic, minmay_ruined_shrine
Temple:   minmay_temple_bridge_d

Skill      XL: |  1  2  3  4  5  6  7  8  9 10 11 |
---------------+----------------------------------+-----
Fighting       | 4 5 6 8 9 10 | 10.5
Armour         | 4 5 6 7 9 |  9.3
Maces & Flails | 3 4 5 6 8 11 12 | 12.8
Shields        | |  3.2

Action                     |  1- 3 |  4- 6 |  7- 9 | 10-12 || total
---------------------------+-------+-------+-------+-------++-------
  Melee: Flail             |    91 |   193 |   418 |    67 ||   769
         Whip              |       |       |       |   468 ||   468
 Invoke: Ancestor Identity |       |       |       |     1 ||     1
  Evoke: Wand              |       |     3 |     5 |     4 ||    12
    Use: Potion            |     1 |       |     5 |     1 ||     7
         Scroll            |       |     4 |     7 |     2 ||    13
   Stab: Paralysed         |       |       |     8 |       ||     8
 Armour: Scale mail        |    60 |   128 |   321 |    93 ||   602
         Skin              |       |       |     8 |       ||     8
         Plate armour      |       |       |       |   242 ||   242
  Dodge: Dodged            |    49 |   100 |   191 |   147 ||   487
  Block: Buckler           |    13 |    34 |    66 |    68 ||   181
